 Dungeon Crawl Stone Soup version 0.23.2 (webtiles) character file.

Game seed: 18391718503467577839

221 Menchi the Magician (level 5, -2/28 HPs)
             Began as a Deep Elf Ice Elementalist on Apr 10, 2019.
             Slain by a phantom (8 damage)
             ... on level 4 of the Dungeon.
             The game lasted 00:14:32 (3469 turns).

Menchi the Magician (Deep Elf Ice Elementalist)     Turns: 3469, Time: 00:14:33

Health: -2/28      AC:  2    Str:  5    XL:     5   Next: 65%
Magic:  3/14       EV: 14    Int: 20    God:
Gold:   123        SH:  0    Dex: 18    Spells: 7/14 levels left

rFire    . . .     SeeInvis +   g - +0 short sword
rCold    x . .     Gourm    .   (no shield)
rNeg     . . .     Faith    .   a - +0 robe
rPois    .         Spirit   .   (no helmet)
rElec    .         Reflect  .   (no cloak)
rCorr    .         Harm     .   (no gloves)
MR       +....                  (no boots)
Stlth    ++++......             (no amulet)
HPRegen  0.09/turn              h - ring of wizardry
MPRegen  0.14/turn              t - ring "Pybeucla" {rC- MR+ Dex+2 SInv Stlth+}

@: about to teleport
A: no striking features
a: no special abilities


You were on level 4 of the Dungeon.
You were hungry.

You visited 1 branch of the dungeon, and saw 5 of its levels.

You collected 123 gold pieces.

Inventory:

Hand Weapons
 g - a +0 short sword (weapon)
Armour
 a - a +0 robe (worn)
Jewellery
 h - a ring of wizardry (left hand)
 t - the ring "Pybeucla" (right hand) {rC- MR+ Dex+2 SInv Stlth+}
   (You found it on level 4 of the Dungeon)

   [ring of see invisible]

   It affects your dexterity (+2).
   It makes you vulnerable to cold.
   It affects your resistance to hostile enchantments.
   It lets you see invisible.
   It makes you more stealthy.
Wands
 m - a wand of scattershot (3)
 n - a wand of digging (7)
Scrolls
 b - 4 scrolls of teleportation
 e - 2 scrolls of remove curse
 i - 6 scrolls of identify
 k - a scroll of enchant armour {unknown}
 l - a scroll of amnesia {unknown}
 o - a scroll of immolation {unknown}
 r - a scroll of enchant weapon {unknown}
 u - a scroll of fear {unknown}
Potions
 d - 2 potions of agility
 f - 2 potions of magic
 j - a potion of berserk rage {unknown}
 p - 3 potions of curing {unknown}
 q - 2 potions of flight {unknown}
 s - a potion of mutation {unknown}
Comestibles
 c - 13 rations


   Skills:
 * Level 1.3 Short Blades
 * Level 3.2 Dodging
 * Level 3.7 Stealth
 * Level 5.1 Spellcasting
 * Level 2.1 Conjurations
 * Level 4.4 Ice Magic


You had 7 spell levels left.
You knew the following spells:

 Your Spells              Type           Power        Failure   Level  Hunger
a - Freeze                Ice            ###.         1%          1    None
b - Throw Frost           Conj/Ice       ###...       1%          2    None
c - Throw Icicle          Conj/Ice       ###.....     12%         4    ####...

Your spell library contained the following spells:

 Spells                   Type           Power        Failure   Level  Hunger
 Ozocubu's Armour         Chrm/Ice       ##......     6%          3    ##.....
 Summon Ice Beast         Ice/Summ       ##......     19%         4    ####...


Dungeon Overview and Level Annotations

Branches:
Dungeon (5/15)
 Temple: D:4-7

Altars:
Ashenzari
Okawaru
Uskayaw

Shops:
D:4 *

Annotations:
D:5 Blork the orc


Message History

Aiming: Freeze (safe; 1% risk of failure)
Press: ? - help, Shift-Dir - straight line, f - phantom
Aim: a phantom (moderately damaged)
The phantom resists.
You freeze the phantom.
The phantom is moderately damaged.
The phantom closely misses you.
Casting: Freeze (safe; 1% risk of failure)
Confirm with . or Enter, or press ? or * to list all spells.
Aiming: Freeze (safe; 1% risk of failure)
Press: ? - help, Shift-Dir - straight line, f/p - phantom
Aim: a phantom (moderately damaged)
The phantom completely resists.
You freeze the phantom but do no damage.
The phantom hits you!
* * * LOW HITPOINT WARNING * * *
The phantom barely misses you.
As you read the scroll of teleportation, it crumbles to dust.
You feel strangely unstable. The phantom hits you!
You die...

.≈##.# .8##.## .8....#
......# ....... #..
....... #(. .......
##.#### ###### #......
##.....##>..$.# .......
##.....@........ .......
#......W........ .......
#...............
.......###...>...........
.....#...#...............
...#####.................
..... ...................
...######.#...........#..
...# #.#......#...## .


You could see a phantom.

Vanquished Creatures
  A hound (D:4)
  An iguana (D:3)
  A howler monkey skeleton (D:4)
  6 adders
  An ooze (D:1)
  An adder skeleton (D:4)
  2 worms
  4 dart slugs
  2 leopard geckos
  12 orcs
  4 giant cockroaches
  3 hobgoblins
  2 jackals (D:1)
  10 kobolds
  A quokka (D:4)
  A ball python (D:2)
  9 bats
  3 frilled lizards
  3 goblins
  6 rats
73 creatures vanquished.

Notes
Turn   | Place    | Note
-------+----------+-------------------------------------------
     0 | D:1      | Menchi the Deep Elf Ice Elementalist began the quest for
                  | the Orb.
     0 | D:1      | Reached XP level 1. HP: 10/10 MP: 6/6
    98 | D:1      | Reached XP level 2. HP: 13/15 MP: 0/8
   102 | D:1      | Learned a level 2 spell: Throw Frost
  1184 | D:2      | Found a hide-covered altar of Uskayaw.
  1189 | D:2      | Reached XP level 3. HP: 19/19 MP: 3/10
  1407 | D:2      | Found a faded altar of an unknown god.
  1458 | D:2      | Reached skill level 4 in Spellcasting
  1458 | D:2      | Reached XP level 4. HP: 19/24 MP: 7/12
  1715 | D:2      | Reached skill level 1 in Short Blades
  2148 | D:3      | Learned a level 4 spell: Throw Icicle
  2596 | D:3      | Reached XP level 5. HP: 28/28 MP: 2/13
  2939 | D:4      | Got a smoking pewter ring
  2940 | D:4      | Identified the ring "Pybeucla" {rC- MR+ Dex+2 SInv Stlth+}
                  | (You found it on level 4 of the Dungeon)
  3023 | D:4      | Found a shattered altar of Ashenzari.
  3063 | D:4      | Found Ydigutt's General Store.
  3088 | D:4      | Reached skill level 5 in Spellcasting
  3435 | D:4      | Noticed a phantom
  3437 | D:4      | Found an iron altar of Okawaru.
  3456 | D:5      | Entered Level 5 of the Dungeon
  3456 | D:5      | Noticed Blork the orc
  3469 | D:4      | Slain by a phantom

Skill      XL: |  1  2  3  4  5 |
---------------+----------------+-----
Stealth        | 3 |  3.7
Spellcasting   | 4 5 |  5.1
Short Blades   | 1 |  1.3
Ice Magic      | 4 |  4.4
Dodging        | 3 |  3.2
Conjurations   | 2 |  2.1

Action                   |  1- 3 |  4- 6 || total
-------------------------+-------+-------++-------
Melee: Short sword       |    42 |    45 ||    87
       Unarmed           |     2 |       ||     2
 Cast: Freeze            |    25 |    40 ||    65
       Throw Frost       |    16 |    25 ||    41
       Throw Icicle      |       |     4 ||     4
Evoke: Wand              |       |     3 ||     3
  Use: Scroll            |       |     5 ||     5
 Stab: Sleeping          |     9 |     8 ||    17
  Eat: Chunk             |     2 |     7 ||     9
Armor: Robe              |    17 |    11 ||    28
Dodge: Dodged            |    48 |    44 ||    92
